 Dungeon Crawl Stone Soup version 0.27.1-33-g824d729ab1 (webtiles) character file.

Game seed: 2477601616403662566

118 lordive the Insei (level 4, -1/32 HPs)
             Began as a Demonspawn Transmuter on Dec 27, 2021.
             Slain by a goblin (3 damage)
             ... on level 3 of the Dungeon.
             The game lasted 00:06:01 (3919 turns).

lordive the Insei (Demonspawn Transmuter)           Turns: 3919, Time: 00:06:02

Health: -1/32      AC:  2    Str: 11    XL:     4   Next: 72%
Magic:  8/8        EV: 12    Int: 15    God:
Gold:   151        SH:  0    Dex: 13    Spells: 4/8 levels left

rFire    . . .     SeeInvis .     - Unarmed
rCold    . . .     Faith    .   (no shield)
rNeg     . . .     Spirit   .   a - +0 robe
rPois    .         Reflect  .   (helmet restricted)
rElec    .         Harm     .   (no cloak)
rCorr    .         Rampage  .   (no gloves)
Will     ++...                  (no boots)
Stlth    +.........             (no amulet)
HPRegen  0.10/turn              g - ring of willpower
MPRegen  0.11/turn              l - ring of willpower

@: no status effects
A: claws 1, horns 1, talons 1
a: no special abilities


You were on level 3 of the Dungeon.
You visited 1 branch of the dungeon, and saw 3 of its levels.

You collected 151 gold pieces.

Inventory:

Armour
 a - a +0 robe (worn)
Jewellery
 g - a ring of willpower (left claw)
 l - a ring of willpower (right claw)
 m - a ring of fire
Scrolls
 c - a scroll of enchant weapon {unknown}
 e - 2 scrolls of noise {unknown}
 f - 5 scrolls of identify {unknown}
 i - a scroll of teleportation {unknown}
 j - a scroll of holy word {unknown}
Potions
 b - a potion of flight
 h - a potion of cancellation {unknown}
 k - a potion of might {unknown}


   Skills:
 + Level 1.2 Fighting
 + Level 2.1 Dodging
 + Level 0.7 Stealth
 * Level 3.8 Unarmed Combat
 + Level 2.7 Spellcasting
 * Level 2.5 Transmutations


You had 4 spell levels left.
You knew the following spells:

 Your Spells              Type           Power      Damage    Failure   Level
a - Beastly Appendage     Tmut           18%        N/A       8%          1
b - Spider Form           Tmut/Pois      2%         N/A       36%         3

Your spell library contained the following spells:

 Spells                   Type           Power      Damage    Failure   Level
 Wereblood                Tmut           9%         N/A       11%         2
 Animate Skeleton         Necr           4%         N/A       21%         1
 Pain                     Necr           8%         1d4       21%         1
 Sublimation of Blood     Necr           1%         N/A       30%         2
 Vampiric Draining        Necr           1%         2d6       52%         3
 Ice Form                 Ice/Tmut       5%         N/A       77%         4
 Petrify                  Tmut/Erth      5%         N/A       77%         4
 Irradiate                Conj/Tmut      2%         3d14      98%         5


Dungeon Overview and Level Annotations

Branches:
Dungeon (3/15)

Altars:

Shops:
D:3 *


Innate Abilities, Weirdness & Mutations

You have sharp fingernails.
You have a pair of small horns on your head.
You have sharp toenails.


Message History

You scratch the dart slug but do no damage.
You headbutt the dart slug.
You kill the dart slug!
The goblin shouts!
The bullfrog skeleton hits you.
You scratch the bullfrog skeleton. You headbutt the bullfrog skeleton.
The bullfrog skeleton is moderately damaged.
The bullfrog skeleton barely misses you.
You claw the bullfrog skeleton! You claw the bullfrog skeleton.
You headbutt the bullfrog skeleton.
The bullfrog skeleton is almost destroyed.
The bullfrog skeleton misses you.
You barely miss the bullfrog skeleton. You claw the bullfrog skeleton.
You headbutt the bullfrog skeleton.
You destroy the bullfrog skeleton!
The endoplasm hits you. The worm bites you. The endoplasm hits you.
You scratch the endoplasm.
You kill the endoplasm!
The worm bites you!
You are too injured to fight recklessly!
You are too injured to fight recklessly!
You are too injured to fight recklessly!
You are too injured to fight recklessly!
You are too injured to fight recklessly!
You are too injured to fight recklessly!
You scratch the worm but do no damage. Your kick misses the worm.
The goblin barely misses you.
You claw the worm!
The worm is heavily wounded.
The goblin hits you but does no damage. The worm bites you!
* * * LOW HITPOINT WARNING * * *
You barely miss the worm. Your kick misses the worm.
The worm is moderately wounded.
The goblin hits you with a +0 dagger.
* * * LOW HITPOINT WARNING * * *
You scratch the worm.
The worm is severely wounded.
The goblin hits you with a +0 dagger.
You die...

.##..# #.........#
..#..# #...>.....#
#....## ##.........#
##....## #$.........#
###....#####..........#
.##.#...........!.....#
.##.###...#...###.#####
.#..# ##.......#wg#
.#.#####.#####.#@##
...##....# #...#
...†..#### #...#
..#.### #...### ....#
##....## ....#
#..#..### ...##
#..##...### ....#
#..####...# ..#...
#...# ###.#


You could see a worm and a goblin.

Vanquished Creatures
  A bullfrog skeleton (D:3)
  An adder (D:2)
  A worm (D:2)
  2 dart slugs (D:3)
  4 orcs (D:3)
  10 endoplasms
  5 giant cockroaches
  2 goblins
  6 hobgoblins
  5 jackals (D:1)
  2 quokkas
  4 ball pythons
  8 bats
  3 frilled lizards
  4 kobolds
  7 rats
65 creatures vanquished.

Notes
Turn   | Place    | Note
-------+----------+-------------------------------------------
     0 | D:1      | lordive the Demonspawn Transmuter began the quest for the
                  | Orb.
     0 | D:1      | Reached XP level 1. HP: 15/15 MP: 3/3
   122 | D:1      | Reached skill level 3 in Unarmed Combat
   256 | D:1      | Gained mutation: You have sharp fingernails. [demonic
                  | ancestry]
   256 | D:1      | Reached XP level 2. HP: 21/21 MP: 3/5
   823 | D:1      | Found a faded altar of an unknown god.
  1190 | D:1      | Mutation became permanent: You have a pair of small horns
                  | on your head. [demonic ancestry]
  1190 | D:1      | Gained mutation: You have a pair of horns on your head.
                  | [demonic ancestry]
  1190 | D:1      | Reached XP level 3. HP: 11/26 MP: 4/6
  3044 | D:2      | Learned a level 3 spell: Spider Form
  3201 | D:3      | Gained mutation: You have sharp toenails. [demonic
                  | ancestry]
  3201 | D:3      | Reached XP level 4. HP: 12/32 MP: 7/7
  3774 | D:3      | Found Gitudij's Assorted Antiques.
  3919 | D:3      | Slain by a goblin

Illustrated notes

Levels and vault maps discovered:
D:1:      psy_arrival_terrarium, layout_loops_corners,
          shapermc_ecumenical_altar_starsandcircs, minmay_hexomino_c4
D:2:      minmay_angry_zag, layout_loops_ring
D:3:      layout_rooms, serial_shops, shop, portal_sewer_entry_c, uniq_terence

Skill      XL: |  1  2 |
---------------+-------+-----
Unarmed Combat | 3 |  3.8
Dodging        | 2 |  2.1
Transmutations | 2 |  2.5
Fighting       | |  1.2
Stealth        | |  0.7
Spellcasting   | |  2.7

Action                   |  1- 3 |  4- 6 || total
-------------------------+-------+-------++-------
Melee: Unarmed           |   125 |    36 ||   161
       Kick              |    14 |    11 ||    25
       Headbutt          |    13 |     8 ||    21
       Punch             |     2 |       ||     2
 Cast: Beastly Appendage |    33 |       ||    33
  Use: Potion            |       |     2 ||     2
 Stab: Sleeping          |     2 |       ||     2
Armor: Robe              |    16 |     5 ||    21
Dodge: Dodged            |    68 |    17 ||    85
